 Dungeon Crawl Stone Soup version 0.27.1-33-g824d729ab1 (webtiles) character file.

Game seed: 8107673277825188274

93104 toffzen the Severer (level 15, -2/207 HPs)
             Began as a Minotaur Berserker on Dec 23, 2021.
             Was a High Priest of Trog.
             Succumbed to a skeletal warrior's poison
             ... on level 15 of the Dungeon.
             The game lasted 00:28:37 (27818 turns).

toffzen the Severer (Minotaur Berserker)           Turns: 27818, Time: 00:28:38

Health: -2/207     AC: 22    Str: 27    XL:     15   Next: 59%
Magic:  14/14      EV: 28    Int:  8    God:    Trog [*****.]
Gold:   774        SH: 14    Dex: 14    Spells: 14/14 levels left

rFire    + . .     SeeInvis .   a - +1 broad axe (drain)
rCold    . . .     Faith    .   g - +0 kite shield
rNeg     . . .     Spirit   .   H - +0 plate armour
rPois    .         Reflect  .   F - +2 hat {Will+}
rElec    +         Harm     .   p - scarf {+Inv}
rCorr    .         Rampage  ∞   (no gloves)
Will     +++..                  R - +3 pair of seven-league boots {Rampage+∞}
Stlth    ..........             G - amulet of the acrobat
HPRegen  0.44/turn              s - ring of Damohiwo {rElec Will+ Str+3 Int+4}
MPRegen  0.14/turn              X - ring of protection from fire

@: berserking (expiring), lethally poisoned (-2 -> -25), acrobatic, very quick
A: horns 2, retaliatory headbutt
a: Renounce Religion, Evoke Invisibility, Berserk, Trog's Hand, Brothers in Arms


You were on level 15 of the Dungeon.
You worshipped Trog.
Trog was extremely pleased with you.
You visited 2 branches of the dungeon, and saw 21 of its levels.

You collected 1401 gold pieces.
You spent 627 gold pieces at shops.

Inventory:

Hand Weapons
 a - a +1 broad axe of draining (weapon)
 b - the +10 trident "Maetu" {speed, Str+4 Int+2 Stlth+}
   (You found it on level 1 of the Lair of Beasts)

   Attacks with this weapon are significantly faster.
   Str:       It affects your strength (+4).
   Int:       It affects your intelligence (+2).
   Stlth:     It makes you more stealthy.
 z - a +2 vorpal battleaxe
 I - a +3 executioner's axe
 M - the +5 war axe of Day {vorpal, rC++ Dex+7}
   (Trog gifted it to you on level 13 of the Dungeon)

   It inflicts extra damage upon your enemies.
   Dex:       It affects your dexterity (+7).
   rC:        It greatly protects you from cold.
 N - the +2 whip of the Saving Butterfly {elec, Str+6 Int-3 Dex+2}
   (You found it on level 5 of the Dungeon)

   It occasionally discharges a powerful burst of electricity upon striking a
   foe.
   Str:       It affects your strength (+6).
   Int:       It affects your intelligence (-3).
   Dex:       It affects your dexterity (+2).
 Y - the +9 battleaxe "Foluj" {freeze, Fragile rF++ Int+2}
   (You bought it in a shop on level 14 of the Dungeon)

   It freezes those it strikes, dealing additional cold damage.
   It can also slow down cold-blooded creatures.
   Int:       It affects your intelligence (+2).
   rF:        It greatly protects you from fire.
   Fragile:   It will be destroyed if unequipped.
Missiles
 c - 798 stones (quivered)
 t - a throwing net
Armour
 g - a +0 kite shield (worn)
 p - a scarf of invisibility (worn)
 F - a +2 hat of willpower (worn)
 H - a +0 plate armour (worn)
 R - the +3 pair of seven-league boots (worn) {Rampage+∞}
   (You found it on level 3 of the Lair of Beasts)

   Its wearer moves as far as possible in that direction when moving towards
   enemies.
Jewellery
 d - a +4 ring of evasion
 f - a ring of resist corrosion
 h - a ring of willpower
 i - a +6 ring of dexterity
 s - the ring of Damohiwo (left hand) {rElec Will+ Str+3 Int+4}
   (You found it on level 15 of the Dungeon)

   [ring of willpower]

   Str:       It affects your strength (+3).
   Int:       It affects your intelligence (+4).
   rElec:     It insulates you from electricity.
   Will:      It increases your willpower.
 G - an amulet of the acrobat (around neck)
 L - a ring of willpower
 Q - a ring of magical power
 T - a ring of positive energy
 V - a ring of protection from cold
 W - a ring of protection from cold
 X - a ring of protection from fire (right hand)
Wands
 o - a wand of flame (54)
 B - a wand of iceblast (9)
Scrolls
 k - 4 scrolls of enchant armour
 m - 7 scrolls of enchant weapon
 n - a scroll of brand weapon
 x - 7 scrolls of fog
 y - 4 scrolls of magic mapping
 A - 7 scrolls of identify
 K - 2 scrolls of summoning
 O - 9 scrolls of teleportation
 U - a scroll of silence
Potions
 e - 6 potions of heal wounds
 j - 5 potions of might
 l - 3 potions of attraction
 q - 9 potions of ambrosia
 r - 2 potions of resistance
 u - 3 potions of berserk rage
 v - a potion of magic
 w - 3 potions of lignification
 C - 4 potions of curing
 D - a potion of cancellation {unknown}
 E - a potion of mutation
 J - 3 potions of haste
 P - 2 potions of flight
 S - a potion of invisibility


   Skills:
 + Level 14.0 Fighting
 * Level 18.5 Axes
 + Level 13.9 Armour
 + Level 12.7 Dodging
 + Level 13.3 Shields


You had 14 spell levels left.
You didn't know any spells.
Your spell library was empty.

Dungeon Overview and Level Annotations

Branches:
Dungeon (15/15)            Temple (0/1) D:6            Lair (6/6) D:8
 Shoals (0/4) Lair:4       Spider (0/4) Lair:3        Slime (0/5) Lair:5
    Orc (0/2) D:9          Vaults (0/5) D:14         Depths (0/5) D:15

Altars:
Ashenzari
Fedhas
Gozag
Qazlal
Trog
Vehumet
Yredelemnul
Zin
Jiyva

Shops:
D:4 (   D:5 *   D:8 =   D:14 ([*[*

Portals:
Abyss: D:7

Annotations:
D:7 2 transporters, PeterMcNeter's ghost, novice DgFi
D:9 2 exclusions
D:13 3 runed translucent doors, dragonscale333's ghost, journeyman DjIE
Lair:2 exclusion: oklob plant
Lair:6 exclusion: obsidian statue


Innate Abilities, Weirdness & Mutations

You have a pair of horns on your head.
You reflexively headbutt those who attack you in melee.


Message History

You feel very sick.
You block the skeletal warrior's attack.
You closely miss the skeletal warrior.
The skeletal warrior is moderately damaged.
You feel very sick.
You closely miss the skeletal warrior.
The skeletal warrior is moderately damaged.
You feel very sick.
The skeletal warrior hits you with a +2 trident of venom!
* * * LOW HITPOINT WARNING * * *
You are lethally poisoned!
Your plate armour prevents you from hitting the skeletal warrior.
The skeletal warrior is moderately damaged.
* * * LOW HITPOINT WARNING * * *
You feel very sick.
You hit the skeletal warrior but do no damage.
The skeletal warrior is moderately damaged.
* * * LOW HITPOINT WARNING * * *
You feel very sick.
You slash the skeletal warrior!
Your headbutt misses the skeletal warrior.
The skeletal warrior is heavily damaged.
* * * LOW HITPOINT WARNING * * *
You feel very sick.
The skeletal warrior hits you with a +2 trident of venom.
* * * LOW HITPOINT WARNING * * *
You slice the skeletal warrior!!
Your headbutt misses the skeletal warrior.
The skeletal warrior is almost destroyed.
* * * LOW HITPOINT WARNING * * *
You feel very sick.
You are too berserk!
Okay, then.
You slice the skeletal warrior!!
You destroy the skeletal warrior!
Trog accepts your kill.
* * * LOW HITPOINT WARNING * * *
You feel sick.
Your Fighting skill increases to level 14!
You die...

,,*,,,,,*,,,,*,,,,,,,,*,,,***#...
,,*,,,,,*,,,,#......#******,,#...
,,*,,,,,*,,,,#......#*** ##,,#...
,,,,,,,,*,,,,#......#*>**#.###...
,,,,,,,....,,#......#**,,,#......
***,,,.......#......# *,≈,#.≈.#..
,,,,,,.......#(.....###,,,#......
,,,,,,.......#.....#*#.###+###...
,,,,,,,......#..@..#,,#...#......
,,,,,,,,#....#)†...#,,#.≈.#.≈....
,,,,,,,,#......)...####...#......
,,,,,,,,#.....).......#..........
,,,,,,,,#.............#.....(.###
,,***####....##########.......#..
,,*,,.................#.......#..
,,*,,.................#.......#..
,,*,,.................#.......#..


There were no monsters in sight!

Vanquished Creatures
  Jorgrun (D:14)
  Frances (D:14)
  Gastronok (D:8)
  Kirke (D:15)
  3 dire elephants (Lair:6)
  Snorg (D:12)
  A vault guard (D:14)
  10 hydras
  2 boulder beetles
  6 centaur warriors
  4 two-headed ogres
  A catoblepas (Lair:6)
  8 death yaks
  2 death knights
  A tengu warrior (D:8)
  Sonja (Lair:5)
  2 spectral dire elephants (Lair:6)
  A spectral death yak (Lair:6)
  6 skeletal warriors
  A spectral anaconda (Lair:6)
  Pikel (D:4)
  A phantasmal warrior (D:15)
  2 deep elf pyromancers
  3 necromancers (Lair:6)
  6 slime creatures
  A wolf spider (Lair:3)
  2 cyclopes
  2 manticores
  7 black mambas
  11 elephants
  A guardian serpent (Lair:3)
  2 torpor snails (Lair:6)
  A gargoyle (D:14)
  10 cane toads
  An unseen horror (D:12)
  A dire elephant skeleton (Lair:6)
  2 efreet
  A kobold demonologist (D:11)
  8 komodo dragons
  A freezing wraith (D:9)
  2 rime drakes (Lair:4)
  A yaktaur (D:12)
  2 tengu conjurers (D:14)
  A queen bee (D:10)
  2 jumping spiders (Lair:3)
  A polar bear (Lair:5)
  3 meliai (D:13)
  4 trolls
  3 hornets
  A wolf spider simulacrum (D:15)
  15 dream sheep (Lair:6)
  18 blink frogs
  A spectral elephant (Lair:6)
  A snapping turtle (Lair:4)
  2 redbacks
  4 shadows
  3 wyverns
  Sigmund (D:4)
  5 wraiths
  3 basilisks
  39 yaks
  6 hogs (D:15)
  3 steam dragons
  A human (shapeshifter) (D:14)
  3 acid dragons
  14 water moccasins
  A floating eye (shapeshifter) (D:8)
  A sky beast (D:8)
  2 black bears
  An ice beast (D:6)
  An elephant zombie (Lair:6)
  14 orc warriors
  23 centaurs
  A necrophage (D:7)
  2 elephant skeletons (Lair:6)
  2 ogres (D:5)
  14 wolves
  2 phantoms (D:6)
  2 lemures (D:4)
  3 kobold brigands
  Blork the orc (D:4)
  14 bullfrogs
  2 gnoll sergeants
  5 scorpions
  A wyvern zombie (D:8)
  A water moccasin zombie (D:5)
  2 water moccasin skeletons
  6 wights (D:9)
  29 killer bees
  6 electric eels
  10 howler monkeys
  A centaur skeleton (D:7)
  10 centaur zombies
  2 hounds
  5 jellies
  5 orc priests
  A gnoll shaman (D:8)
  2 iguanas (D:4)
  12 orc wizards
  A killer bee zombie (D:6)
  2 hound skeletons
  2 howler monkey zombies (D:9)
  31 gnolls
  9 adders
  A shadow imp (D:7)
  2 white imps
  An adder skeleton (D:4)
  An adder zombie (D:5)
  A dart slug (D:4)
  45 orcs
  5 ball pythons
  10 endoplasms
  3 giant cockroaches
  9 goblins
  9 hobgoblins
  16 jackals
  6 quokkas
  A bat (D:1)
  6 frilled lizards
  15 kobolds
  9 rats
626 creatures vanquished.

Vanquished Creatures (others)
  An elephant (Lair:6)
  25 fungi
  44 plants
  23 withered plants (Lair:6)
93 creatures vanquished.

Grand Total: 719 creatures vanquished

Notes
Turn   | Place    | Note
-------+----------+-------------------------------------------
     0 | D:1      | toffzen the Minotaur Berserker began the quest for the Orb.
     0 | D:1      | Reached XP level 1. HP: 19/19 MP: 0/0
   202 | D:1      | Reached XP level 2. HP: 25/27 MP: 1/1
   206 | D:1      | Reached skill level 4 in Axes
   353 | D:1      | Found a faded altar of an unknown god.
   468 | D:1      | Reached ** piety under Trog
   803 | D:2      | Reached XP level 3. HP: 28/33 MP: 2/2
  1003 | D:2      | Reached skill level 1 in Shields
  1412 | D:2      | Reached XP level 4. HP: 37/40 MP: 3/3
  2381 | D:4      | Reached *** piety under Trog
  2447 | D:4      | Noticed Blork the orc
  2452 | D:4      | Killed Blork the orc
  2453 | D:4      | Reached skill level 5 in Axes
  2453 | D:4      | Reached XP level 5. HP: 35/47 MP: 4/4
  2456 | D:5      | Entered Level 5 of the Dungeon
  2470 | D:5      | Noticed an ogre
  2663 | D:4      | Noticed Sigmund
  2666 | D:4      | Reached XP level 6. HP: 40/55 MP: 5/5
  2671 | D:4      | Killed Sigmund
  2672 | D:4      | Reached skill level 5 in Fighting
  2672 | D:4      | Reached skill level 6 in Axes
  2875 | D:4      | Reached XP level 7. HP: 61/61 MP: 6/6
  2955 | D:4      | Noticed Pikel
  2967 | D:4      | HP: 4/91 [Pikel (1)]
  2970 | D:4      | Killed Pikel
  2971 | D:4      | Reached skill level 7 in Axes
  2971 | D:4      | Reached skill level 5 in Armour
  2971 | D:4      | Reached XP level 8. HP: 5/70 MP: 7/7
  3427 | D:4      | Found a stormy altar of Qazlal.
  3430 | D:4      | Noticed an air elemental
  3497 | D:4      | Found Nush's Antique Weapon Boutique.
  3548 | D:5      | Found a basalt altar of Yredelemnul.
  3696 | D:5      | Found a blossoming altar of Fedhas.
  3901 | D:5      | Reached skill level 8 in Axes
  3995 | D:5      | Reached skill level 5 in Dodging
  4078 | D:5      | Identified the +2 whip of the Saving Butterfly {elec, Str+6
                  | Int-3 Dex+2}
  4185 | D:5      | Found a glowing silver altar of Zin.
  4290 | D:5      | Reached **** piety under Trog
  4532 | D:5      | Reached skill level 5 in Shields
  5104 | D:5      | Reached ***** piety under Trog
  5172 | D:5      | Found Ilorhuag's Assorted Antiques.
  5181 | D:5      | Reached skill level 9 in Axes
  5181 | D:5      | Reached XP level 9. HP: 72/79 MP: 8/8
  5553 | D:6      | Found a staircase to the Ecumenical Temple.
  5821 | D:6      | Identified the +2 leather armour of Tartarus {*Corrode
                  | rF+++ Str+4 Int+2}
  6599 | D:6      | Identified a scroll of acquirement
  6599 | D:6      | Acquired a ring of willpower
  6985 | D:7      | Reached skill level 10 in Axes
  7325 | D:7      | Found a transporter.
  7333 | D:7      | Noticed a hellwing
  7333 | D:7      | Noticed a sun demon
  7341 | D:7      | Noticed PeterMcNeter's ghost (novice DgFi)
  7355 | D:7      | Found a one-way gate to the infinite horrors of the Abyss.
  7355 | D:7      | Found a transporter.
  8720 | D:8      | Noticed a two-headed ogre
  8721 | D:8      | Noticed a manticore
  8726 | D:8      | Reached XP level 10. HP: 88/88 MP: 9/9
  8727 | D:8      | Killed a two-headed ogre
  8733 | D:8      | Killed a manticore
  8734 | D:8      | Reached skill level 11 in Axes
  8793 | D:8      | Found Eheuhush's Jewellery Emporium.
  8900 | D:8      | Found a runed translucent door.
  8937 | D:8      | Received a gift from Trog
  8999 | D:8      | Found a staircase to the Lair.
  9052 | D:8      | Noticed Gastronok
  9066 | D:8      | Killed Gastronok
  9170 | D:8      | Found a runed translucent door.
  9496 | D:8      | Noticed a tengu warrior
  9498 | D:8      | Reached skill level 12 in Axes
  9508 | D:8      | Killed a tengu warrior
  9509 | D:8      | Reached XP level 11. HP: 16/97 MP: 10/10
  9908 | D:8      | Paralysed by a floating eye for 3 turns
  9952 | D:8      | Noticed a two-headed ogre
  9960 | D:8      | Killed a two-headed ogre
 10282 | D:8      | Paralysed by a hornet for 1 turns
 11535 | D:9      | Found a staircase to the Orcish Mines.
 11655 | D:9      | Received a gift from Trog
 11662 | D:9      | Reached skill level 10 in Fighting
 11867 | D:9      | Reached skill level 13 in Axes
 12483 | D:10     | Entered Level 10 of the Dungeon
 12516 | D:10     | Found a broken altar of Ashenzari.
 12939 | D:10     | Reached skill level 10 in Armour
 13396 | D:10     | Found a bloodstained altar of Trog.
 13873 | Lair:1   | Entered Level 1 of the Lair of Beasts
 13892 | Lair:1   | Reached XP level 12. HP: 79/107 MP: 11/11
 14700 | Lair:1   | Noticed a seven-headed hydra
 14710 | Lair:1   | Killed a seven-headed hydra
 15050 | Lair:1   | Identified the +10 trident "Maetu" {speed, Str+4 Int+2
                  | Stlth+}
 15130 | Lair:2   | Reached skill level 14 in Axes
 15315 | Lair:2   | Received a gift from Trog
 15316 | Lair:2   | Reached skill level 10 in Shields
 15394 | Lair:2   | Noticed a seven-headed hydra
 15404 | Lair:2   | Killed a seven-headed hydra
 16190 | Lair:3   | Noticed a five-headed hydra
 16197 | Lair:3   | Killed a five-headed hydra
 16198 | Lair:3   | Reached skill level 10 in Dodging
 16206 | Lair:3   | Noticed a six-headed hydra
 16349 | Lair:3   | Killed a six-headed hydra
 16778 | Lair:3   | Noticed a boulder beetle
 16787 | Lair:3   | Reached skill level 15 in Axes
 16789 | Lair:3   | Killed a boulder beetle
 16790 | Lair:3   | Reached XP level 13. HP: 94/116 MP: 12/12
 17003 | Lair:3   | Found the +3 pair of seven-league boots {Rampage+∞}
 17193 | Lair:3   | Found a hole to the Spider Nest.
 18324 | Lair:4   | Found a staircase to the Shoals.
 19218 | Lair:5   | Reached skill level 16 in Axes
 19610 | Lair:5   | Noticed Sonja
 19614 | Lair:5   | Killed Sonja
 19766 | Lair:5   | Found a viscous altar of Jiyva.
 19766 | Lair:5   | Found a staircase to the Slime Pits.
 19949 | Lair:6   | Entered Level 6 of the Lair of Beasts
 20035 | Lair:6   | Received a gift from Trog
 20043 | Lair:6   | Reached XP level 14. HP: 117/127 MP: 13/13
 20216 | Lair:6   | Reached ****** piety under Trog
 21092 | Lair:6   | Found a broken altar of Ashenzari.
 21338 | Lair:6   | Reached skill level 17 in Axes
 21714 | Lair:6   | Identified the +7 flail of the Morning {freeze, Str+2
                  | Stlth+}
 22799 | D:11     | Received a gift from Trog
 22999 | D:11     | Found a radiant altar of Vehumet.
 24068 | D:12     | Noticed Snorg
 24085 | D:12     | Killed Snorg
 24343 | D:12     | Reached XP level 15. HP: 136/136 MP: 14/14
 25252 | D:13     | You fall into a shaft and drop 2 floors!
 25252 | D:15     | Entered Level 15 of the Dungeon
 25270 | D:15     | Identified the ring of Damohiwo {rElec Will+ Str+3 Int+4}
 25300 | D:14     | Found Dest's General Store.
 25354 | D:14     | Noticed Frances
 25366 | D:14     | Killed Frances
 25367 | D:14     | Reached skill level 18 in Axes
 25520 | D:14     | Found Saakit's Armour Emporium.
 25552 | D:14     | Noticed Jorgrun
 25563 | D:14     | Killed Jorgrun
 25778 | D:14     | Found a basalt altar of Yredelemnul.
 25792 | D:14     | Found Finkuwka's Weapon Boutique.
 26025 | D:14     | Found Voigokk's Armour Shop.
 26154 | D:13     | Found a runed translucent gate.
 26155 | D:13     | Found a runed translucent gate.
 26156 | D:13     | Found a runed translucent gate.
 26157 | D:13     | Noticed dragonscale333's ghost (journeyman DjIE)
 26197 | D:13     | Found a bloodstained altar of Trog.
 26304 | D:13     | Identified the +5 war axe of Day {vorpal, rC++ Dex+7} (Trog
                  | gifted it to you on level 13 of the Dungeon)
 26304 | D:13     | Received a gift from Trog
 27046 | D:14     | Found a gate to the Vaults.
 27483 | D:14     | Found Vod Oxeu's Assorted Antiques.
 27490 | D:14     | Bought a potion of heal wounds for 190 gold pieces
 27490 | D:14     | Bought a fine battleaxe for 437 gold pieces
 27490 | D:14     | Identified the +9 battleaxe "Foluj" {freeze, Fragile rF++
                  | Int+2} (You bought it in a shop on level 14 of the Dungeon)
 27761 | D:15     | Found an opulent altar of Gozag.
 27785 | D:15     | Noticed Kirke
 27807 | D:15     | Killed Kirke
 27815 | D:15     | HP: 8/205 [skeletal warrior[a death knight] (5)]
 27817 | D:15     | HP: 2/205 [poisoned by a skeletal warrior]
 27818 | D:15     | Succumbed to a skeletal warrior's poison

Illustrated notes

Levels and vault maps discovered:
D:1:      minmay_arrival_jagged, layout_rooms, shapermc_ecumenical_altar_venn,
          corner_web_ring
D:2:      layout_basic
D:3:      layout_basic, chequers_serial_rivers_micro_b
D:4:      old_forge, layout_loops_ring, nicolae_qazlal_style_of_elements,
          serial_shops, shop, minivault_25, uniq_pikel, uniq_blork_the_orc,
          uniq_sigmund
D:5:      lemuel_castle_with_subvaults [lemuel_castle_interior_carwin_3],
          layout_layer_cave, mainiacjoe_overflow_alcove_4,
          mainiacjoe_overflow_boulevard, mainiacjoe_overflow_24_doors,
          serial_glass, glass_columns_a, glass_columns_c, serial_shops,
          shop_fountains
D:6:      layout_gridville, temple_statues, st_stairs_10
D:7:      layout_loops_ring, gammafunk_ghost_abyssal_escape,
          kennysheep_generic_room_6
D:8:      cheibrodos_histonic, layout_cave_pools, serial_shops, shop_statue,
          serial_glass, glass_columns_a, glass_columns_a, corexii_corridor_pit,
          minmay_fractal_squares_5, uniq_gastronok
D:9:      minmay_s_stair_smasher, layout_loops_ring, erik_orc_2, st_stairs_10
D:10:     layout_roguey [special_room_bee], mainiacjoe_overflow_alcove_1,
          nicolae_ashenzari_skybound, serial_bayou_lagoon_a
D:11:     layout_basic, vehumet_altar_wand_db
D:12:     layout_rooms, uniq_snorg
D:13:     layout_basic, gammafunk_ghost_necromancy, trog_hazing_becter
D:14:     layout_stronghold, david_vaults_5, yredelemnul_altar_generic,
          serial_shops, nicolae_shop_waterfront, nicolae_stop_n_shop_2, shop,
          shop_statue, nicolae_shop_stone, uniq_jorgrun, uniq_frances
D:15:     hangedman_depths_entry_try_elsewhere_first, layout_grid_maze,
          grunt_gozag_statues, uniq_kirke
Lair:1:   layout_cave_pods, grunt_megastairs_4
Lair:2:   layout_regular_city, serial_bayou_shore_b
Lair:3:   layout_regular_city, spider_nest_entry_funnel_web,
          hellmonk_guarded_unrand_seven_league_boots, lemuel_fruit_tree,
          infiniplex_staircase_pool_2
Lair:4:   layout_hall_layers, minmay_shoals_entry_hut
Lair:5:   beast_lair_carwin_large_2, layout_regular_city,
          dpeg_slime_entry_enclosed_altar, uniq_sonja
Lair:6:   due_jungle_book, layout_regular_city, serial_bayou_pond_d,
          lemuel_centaur_altar, grunt_megastairs_1

Skill      XL: |  1  2  3  4  5  6  7  8  9 10 11 12 13 14 15 |
---------------+----------------------------------------------+-----
Axes           | 4 5 6 7 9 10 12 13 15 16 17 18 | 18.5
Fighting       | 4 5 6 7 8 9 10 11 12 13 14 | 14.0
Shields        | 1 2 3 4 5 6 8 9 10 11 12 13 | 13.3
Armour         | 3 4 5 6 7 8 10 11 12 13 | 13.9
Dodging        | 3 4 5 6 7 9 10 11 12 | 12.7

Action                   |  1- 3 |  4- 6 |  7- 9 | 10-12 | 13-15 || total
-------------------------+-------+-------+-------+-------+-------++-------
Melee: Hand axe          |    47 |       |       |       |       ||    47
       Headbutt          |    13 |    14 |    63 |   139 |   295 ||   524
       War axe           |    30 |    54 |       |       |       ||    84
       Broad axe         |       |    27 |   254 |   509 |   789 ||  1579
       Trident           |       |       |       |    14 |    26 ||    40
       Whip              |       |       |       |     6 |       ||     6
Invok: Berserk           |     1 |     4 |     3 |    13 |    11 ||    32
       Trog's Hand       |       |     2 |       |     2 |     1 ||     5
Evoke: Wand              |       |       |       |    16 |       ||    16
  Use: Scroll            |       |       |    16 |    13 |     3 ||    32
       Potion            |       |       |       |     1 |       ||     1
 Stab: Sleeping          |       |     1 |       |       |       ||     1
Armor: Animal skin       |    15 |     4 |       |       |       ||    19
       Scale mail        |       |    15 |    87 |    32 |       ||   134
       Plate armour      |       |       |       |   168 |   296 ||   464
Dodge: Dodged            |    35 |    48 |   142 |   238 |   385 ||   848
Block: Kite shield       |    26 |    43 |   148 |   355 |   511 ||  1083
